Jets vs Predators

Created - 24 mars 2021 at 21:21

Goals
1 2 3 T
Jets 0 1 1 2
Predators 2 1 1 4
Shots
1 2 3 T
Jets 14 11 16 41
Predators 15 8 10 33

1st period

1. Predators , Bo Horvat 24 (J.T. Compher 13, Oliver Ekman-Larsson 34) at 6:02
2. Predators , J.T. Miller 31 (Max Pacioretty 18, Roman Josi 52) at 11:45

Penalties :
Patrik Nemeth (WPG) for Cross-checking (Minor) at 14:37

2nd period

3. Predators , Kyle Connor 26 (Bo Horvat 40, J.T. Compher 14) at 5:32
4. Jets , Evgenii Dadonov 20 (Jay Bouwmeester 18) at 6:47

Penalties :
Bryan Rust (WPG) for Interference (Minor) at 7:49

3rd period

5. Predators , Steven Stamkos 13 (Oliver Ekman-Larsson 35, J.T. Miller 41) at 3:15
6. Jets , Bryan Rust 39 (Brock Nelson 40) at 12:06

Penalties :
Nikita Zadorov (NSH) for High sticking (Minor) at 9:39, Thomas Chabot (NSH) for Hooking (Minor) at 13:07, Thomas Chabot (NSH) for Slashing (Minor) at 19:34

Goalie Stats

Ben Bishop (WPG), 29 saves from 33 shots - (0,879), L, 44-14-7, 60:00 minutes
Devan Dubnyk (NSH), 39 saves from 41 shots - (0,951), W, 12-19-5, 60:00 minutes

Players Stats for Jets

Player Name              G  A  P  +/- PIM S  H  SB GA TA FO     MP     PP MP  PK MP  
------------------------------------------------------------------------------------
Brock Nelson             0  1  1  -1  0   4  0  0  0  0  14/27  22:05   3:00   0:18 
Bryan Rust               1  0  1  -1  2   10 3  0  0  0  0/0    21:46   3:00   0:00 
Evgenii Dadonov          1  0  1  -1  0   4  2  1  0  0  1/1    16:00   1:23   0:00 
Hampus Lindholm          0  0  0  -1  0   2  1  0  0  0  0/0    20:36   2:21   1:51 
Jaccob Slavin            0  0  0   0  0   2  0  3  0  0  0/0    24:08   2:02   2:07 
Jay Bouwmeester          0  1  1  -1  0   0  2  1  0  0  0/0    15:16   0:00   0:00 
Joel Eriksson Ek         0  0  0   0  0   3  1  0  0  0  7/16   13:50   0:00   2:31 
Kasperi Kapanen          0  0  0   0  0   1  0  0  0  0  0/1     7:26   0:00   0:30 
Keith Yandle             0  0  0   0  0   1  1  3  0  0  0/0    23:56   1:50   2:07 
Mathew Barzal            0  0  0  -1  0   3  0  0  0  0  7/21   16:00   1:23   0:00 
Mats Zuccarello          0  0  0  -1  0   3  0  0  0  0  0/0    16:00   1:23   0:00 
Mikko Koivu              0  0  0   0  0   1  0  0  0  0  5/8     8:05   0:00   1:09 
Nick Schmaltz            0  0  0   0  0   1  0  0  0  0  0/0    11:19   0:00   0:00 
Nikita Zaitsev           0  0  0  -1  0   0  2  2  0  0  0/0    18:31   0:00   1:51 
Patrik Nemeth            0  0  0  -1  2   1  3  0  0  0  0/0    17:32   2:33   0:00 
Scott Laughton           0  0  0   0  0   1  5  2  0  0  2/2    12:28   0:00   1:09 
Tim Schaller             0  0  0   0  0   1  0  0  0  0  0/0     9:15   0:00   2:19 
Zach Parise              0  0  0  -1  0   3  1  0  0  0  1/2    21:47   3:00   0:00 

Players Stats for Predators

Player Name              G  A  P  +/- PIM S  H  SB GA TA FO     MP     PP MP  PK MP  
------------------------------------------------------------------------------------
Alexander Kerfoot        0  0  0   0  0   0  0  0  0  0  1/4     4:01   0:00   0:24 
Bo Horvat                1  1  2   1  0   2  3  0  0  0  12/18  20:14   1:40   1:13 
Brendan Smith            0  0  0   1  0   1  0  0  0  0  0/0     4:05   0:00   0:45 
Colton Sissons           0  0  0  -1  0   0  0  0  0  0  0/0    15:00   0:00   0:00 
Darnell Nurse            0  0  0   0  0   0  1  2  0  0  0/0    13:08   0:00   0:00 
Darren Helm              0  0  0  -1  0   0  2  0  0  0  1/2    15:00   0:00   0:00 
Evgeny Kuznetsov         0  0  0  -1  0   5  2  0  0  0  8/20   16:13   0:00   1:13 
J.T. Compher             0  2  2   1  0   1  0  0  0  0  0/0    19:01   1:40   0:00 
J.T. Miller              1  1  2   2  0   4  1  0  0  0  18/29  24:22   2:18   2:46 
Kyle Connor              1  0  1   1  0   5  0  1  0  0  1/4    19:01   1:40   0:00 
Mathieu Perreault        0  0  0   0  0   0  0  0  0  0  0/0     3:37   0:00   0:00 
Max Pacioretty           0  1  1   2  0   1  3  0  0  0  0/0    17:59   2:18   0:00 
Nikita Zadorov           0  0  0   0  2   0  1  1  0  0  0/0    13:48   0:00   0:41 
Oliver Ekman-Larsson     0  2  2   2  0   1  1  4  0  0  0/0    21:36   2:21   2:26 
Oscar Klefbom            0  0  0  -1  0   0  1  2  0  0  0/0    21:53   1:37   1:54 
Roman Josi               0  1  1   3  0   6  2  2  0  0  0/0    24:59   2:21   2:29 
Steven Stamkos           1  0  1   2  0   5  1  2  0  0  0/1    20:45   2:18   2:46 
Thomas Chabot            0  0  0  -1  4   2  1  1  0  0  0/0    20:52   1:37   0:55 

3 Stars

1 - Bo Horvat (NSH)
2 - J.T. Miller (NSH)
3 - Devan Dubnyk (NSH)

Power Play

Jets - 0 on 3 Attempt(s) - 0,00%
Predators - 0 on 2 Attempt(s) - 0,00%

Penalty Kill

Jets - 2 on 2 Attempt(s) - 100,00% - Score 0 goal in Penalty Kill
Predators - 3 on 3 Attempt(s) - 100,00% - Score 0 goal in Penalty Kill

Team Stat

Jets - Hits : 21 - Faceoff Wins : 37 - Blocked Shots : 12 - Penalty Minutes : 4
Predators - Hits : 19 - Faceoff Wins : 41 - Blocked Shots : 15 - Penalty Minutes : 6

Official

Referees : Kenny Anderson and Graham Skilliter
Linesman : Scott Driscoll and Matt Brady

Game Notes

No Game Note

Finance

Level 1 -- Attendance: 4705 (72,38%) -- Ticket Income 705 750 $
Level 2 -- Attendance: 2783 (55,66%) -- Ticket Income 347 875 $
Level 3 -- Attendance: 1988 (56,80%) -- Ticket Income 198 800 $
Level 4 -- Attendance: 1113 (100,00%) -- Ticket Income 83 475 $
Luxury Box -- Attendance: 710 (71,00%) -- Ticket Income 213 000 $
Game was played at the Bridgestone Arena.
Total Attendance: 11299 (66,03%)
Total Ticket Income: 1 548 900 $
Other Income: 758 961 $
Total Income: 2 307 861 $

% Time on Ice - Jets

Lines # - Real PCT - Wanted PCT - Time Play
Normal Forward
1 - 36% - 43% - 18:47
2 - 28% - 34% - 14:37
3 - 22% - 16% - 11:19
4 - 13% - 7% - 6:56
Normal Defense
1 - 39% - 40% - 19:59
2 - 32% - 30% - 16:24
3 - 20% - 20% - 10:22
4 - 9% - 10% - 4:54
PP Forward
1 - 68% - 60% - 3:00
2 - 32% - 40% - 1:23
PP Defense
1 - 42% - 60% - 1:50
2 - 58% - 40% - 2:33
PK Forward
1 - 71% - 60% - 2:49
2 - 29% - 40% - 1:09
PK Defense
1 - 53% - 60% - 2:07
2 - 47% - 40% - 1:51
PK3 Forward
1 - 0% - 60%
2 - 0% - 40%
PK3 Defense
1 - 0% - 60%
2 - 0% - 40%
44 Forward
1 - 0% - 60%
2 - 0% - 40%
44 Defense
1 - 0% - 60%
2 - 0% - 40%
Last Minute Offensive  - 0:00
Last Minute Defensive  - 0:00
Total
Forward - 60:00
Defense - 60:00

% Time on Ice - Predators

Lines # - Real PCT - Wanted PCT - Time Play
Normal Forward
1 - 30% - 40% - 15:41
2 - 34% - 30% - 17:21
3 - 29% - 20% - 15:00
4 - 7% - 10% - 3:37
Normal Defense
1 - 33% - 40% - 16:49
2 - 36% - 30% - 18:22
3 - 25% - 20% - 13:08
4 - 6% - 10% - 3:20
PP Forward
1 - 58% - 60% - 2:18
2 - 42% - 40% - 1:40
PP Defense
1 - 59% - 60% - 2:21
2 - 41% - 40% - 1:37
PK Forward
1 - 72% - 60% - 3:10
2 - 28% - 40% - 1:13
PK Defense
1 - 49% - 60% - 2:08
2 - 51% - 40% - 2:15
PK3 Forward
1 - 0% - 60%
2 - 0% - 40%
PK3 Defense
1 - 0% - 60%
2 - 0% - 40%
44 Forward
1 - 0% - 60%
2 - 0% - 40%
44 Defense
1 - 0% - 60%
2 - 0% - 40%
Last Minute Offensive  - 0:00
Last Minute Defensive  - 0:00
Total
Forward - 60:00
Defense - 60:00

Play-by-Play

1st period


0:01 of 1st period - Brock Nelson wins face-off versus J.T. Miller in neutral zone.
0:14 of 1st period - Shot by Bryan Rust.
0:14 of 1st period - Stopped by Devan Dubnyk without a rebound.
0:15 of 1st period - Mathew Barzal wins face-off versus Bo Horvat in Predators zone.
0:26 of 1st period - Shot by Mats Zuccarello.
0:26 of 1st period - Stopped by Devan Dubnyk without a rebound.
0:27 of 1st period - Scott Laughton wins face-off versus Evgeny Kuznetsov in Predators zone.
0:28 of 1st period - Shot by Joel Eriksson Ek.
0:28 of 1st period - Stopped by Devan Dubnyk without a rebound.
0:29 of 1st period - Joel Eriksson Ek wins face-off versus Darren Helm in Predators zone.
0:40 of 1st period - Patrik Nemeth is hit by Evgeny Kuznetsov and loses puck.
1:22 of 1st period - Scott Laughton is hit by Max Pacioretty and loses puck.
1:59 of 1st period - Shot by Brock Nelson.
1:59 of 1st period - Stopped by Devan Dubnyk without a rebound.
2:00 of 1st period - Bo Horvat wins face-off versus Mathew Barzal in Predators zone.
2:00 of 1st period - Bo Horvat is hit by Evgenii Dadonov.
2:11 of 1st period - Off-side.
2:12 of 1st period - Mikko Koivu wins face-off versus Bo Horvat in neutral zone.
2:50 of 1st period - Icing by Hampus Lindholm.
2:51 of 1st period - Mikko Koivu wins face-off versus Alexander Kerfoot in Jets zone.
3:25 of 1st period - Off-side.
3:26 of 1st period - Brock Nelson wins face-off versus Evgeny Kuznetsov in neutral zone.
3:32 of 1st period - Darren Helm is hit by Keith Yandle and loses puck.
3:46 of 1st period - Icing by Jaccob Slavin.
3:47 of 1st period - Brock Nelson wins face-off versus Bo Horvat in Jets zone.
4:26 of 1st period - Shot by Roman Josi.
4:26 of 1st period - Shot Misses the Net.
4:28 of 1st period - Shot by Roman Josi.
4:28 of 1st period - Shot Misses the Net.
4:30 of 1st period - Shot by J.T. Compher.
4:30 of 1st period - Shot Misses the Net.
5:02 of 1st period - Shot by Steven Stamkos.
5:02 of 1st period - Shot Misses the Net.
5:04 of 1st period - Shot by Thomas Chabot.
5:04 of 1st period - Stopped by Ben Bishop without a rebound.
5:05 of 1st period - Joel Eriksson Ek wins face-off versus Evgeny Kuznetsov in Jets zone.
5:05 of 1st period - Joel Eriksson Ek is hit by Evgeny Kuznetsov.
5:16 of 1st period - Icing by Hampus Lindholm.
5:17 of 1st period - Scott Laughton wins face-off versus Alexander Kerfoot in Jets zone.
5:44 of 1st period - Shot by Joel Eriksson Ek.
5:44 of 1st period - Stopped by Devan Dubnyk without a rebound.
5:45 of 1st period - Mathew Barzal wins face-off versus Kyle Connor in Predators zone.
6:02 of 1st period - Shot by Bo Horvat.
6:02 of 1st period - Goal by Bo Horvat - Jets : 0 - Predators : 1.
6:03 of 1st period - Zach Parise wins face-off versus Evgeny Kuznetsov in neutral zone.
6:06 of 1st period - Shot by Jaccob Slavin.
6:06 of 1st period - Stopped by Devan Dubnyk without a rebound.
6:07 of 1st period - Mathew Barzal wins face-off versus Steven Stamkos in Predators zone.
6:12 of 1st period - Shot by Mathew Barzal.
6:12 of 1st period - Stopped by Devan Dubnyk with a rebound.
6:26 of 1st period - Shot by J.T. Miller.
6:26 of 1st period - Shot Misses the Net.
6:28 of 1st period - Shot by Roman Josi.
6:28 of 1st period - Shot Misses the Net.
6:30 of 1st period - Shot by Roman Josi.
6:30 of 1st period - Shot Blocked by Keith Yandle.
6:32 of 1st period - Shot by Roman Josi.
6:32 of 1st period - Stopped by Ben Bishop without a rebound.
6:33 of 1st period - Brock Nelson wins face-off versus Evgeny Kuznetsov in Jets zone.
6:33 of 1st period - Brock Nelson is hit by Darren Helm.
6:41 of 1st period - Shot by Bryan Rust.
6:41 of 1st period - Shot Blocked by Oscar Klefbom.
6:59 of 1st period - Shot by Bryan Rust.
6:59 of 1st period - Stopped by Devan Dubnyk without a rebound.
7:00 of 1st period - J.T. Miller wins face-off versus Mathew Barzal in Predators zone.
8:56 of 1st period - Shot by Joel Eriksson Ek.
8:56 of 1st period - Shot Blocked by Kyle Connor.
8:58 of 1st period - Shot by Joel Eriksson Ek.
8:58 of 1st period - Shot Misses the Net.
9:00 of 1st period - Shot by Scott Laughton.
9:00 of 1st period - Stopped by Devan Dubnyk with a rebound.
9:02 of 1st period - Shot by Joel Eriksson Ek.
9:02 of 1st period - Shot Misses the Net.
9:14 of 1st period - Shot by Joel Eriksson Ek.
9:14 of 1st period - Stopped by Devan Dubnyk without a rebound.
9:15 of 1st period - Evgeny Kuznetsov wins face-off versus Mikko Koivu in Predators zone.
9:47 of 1st period - Icing by Keith Yandle.
9:48 of 1st period - J.T. Miller wins face-off versus Mikko Koivu in Jets zone.
9:49 of 1st period - Shot by Steven Stamkos.
9:49 of 1st period - Shot Misses the Net.
9:51 of 1st period - Shot by J.T. Miller.
9:51 of 1st period - Stopped by Ben Bishop without a rebound.
9:52 of 1st period - J.T. Miller wins face-off versus Zach Parise in Jets zone.
10:01 of 1st period - Shot by J.T. Miller.
10:01 of 1st period - Stopped by Ben Bishop with a rebound.
10:03 of 1st period - Shot by Oliver Ekman-Larsson.
10:03 of 1st period - Stopped by Ben Bishop with a rebound.
10:08 of 1st period - Steven Stamkos is hit by Jay Bouwmeester and loses puck.
10:21 of 1st period - Shot by Steven Stamkos.
10:21 of 1st period - Stopped by Ben Bishop with a rebound.
10:23 of 1st period - Shot by Steven Stamkos.
10:23 of 1st period - Stopped by Ben Bishop without a rebound.
10:24 of 1st period - Mathew Barzal wins face-off versus Evgeny Kuznetsov in Jets zone.
10:30 of 1st period - Off-side.
10:31 of 1st period - Bo Horvat wins face-off versus Mathew Barzal in neutral zone.
10:54 of 1st period - Shot by Kyle Connor.
10:54 of 1st period - Shot Blocked by Keith Yandle.
11:45 of 1st period - Shot by J.T. Miller.
11:45 of 1st period - Goal by J.T. Miller - Jets : 0 - Predators : 2.
11:46 of 1st period - Darren Helm wins face-off versus Joel Eriksson Ek in neutral zone.
11:53 of 1st period - Shot by Darren Helm.
11:53 of 1st period - Deflect By Evgeny Kuznetsov.
11:53 of 1st period - Shot Blocked by Scott Laughton.
11:57 of 1st period - Shot by Colton Sissons.
11:57 of 1st period - Shot Blocked by Scott Laughton.
11:59 of 1st period - Shot by Colton Sissons.
11:59 of 1st period - Deflect By Evgeny Kuznetsov.
11:59 of 1st period - Shot Misses the Net.
12:03 of 1st period - Shot by Evgeny Kuznetsov.
12:03 of 1st period - Stopped by Ben Bishop without a rebound.
12:04 of 1st period - J.T. Miller wins face-off versus Kasperi Kapanen in Jets zone.
12:15 of 1st period - Shot by J.T. Miller.
12:15 of 1st period - Shot Hit the Post.
12:21 of 1st period - Tim Schaller is hit by J.T. Miller.
12:31 of 1st period - Shot by Tim Schaller.
12:31 of 1st period - Shot Blocked by Steven Stamkos.
12:33 of 1st period - Shot by Tim Schaller.
12:33 of 1st period - Stopped by Devan Dubnyk without a rebound.
12:34 of 1st period - Evgeny Kuznetsov wins face-off versus Brock Nelson in Predators zone.
13:03 of 1st period - Shot by Bryan Rust.
13:03 of 1st period - Stopped by Devan Dubnyk with a rebound.
13:38 of 1st period - Mats Zuccarello is hit by Oscar Klefbom.
13:42 of 1st period - Shot by Mathew Barzal.
13:42 of 1st period - Stopped by Devan Dubnyk with a rebound.
14:08 of 1st period - Shot by J.T. Miller.
14:08 of 1st period - Shot Misses the Net.
14:11 of 1st period - Icing by Patrik Nemeth.
14:12 of 1st period - Bo Horvat wins face-off versus Mathew Barzal in Jets zone.
14:36 of 1st period - Kyle Connor is hit by Patrik Nemeth and loses puck.
14:37 of 1st period - Minor Penalty to Patrik Nemeth for Cross-checking.
14:38 of 1st period - J.T. Miller wins face-off versus Joel Eriksson Ek in Jets zone.
14:57 of 1st period - Shot by Roman Josi.
14:57 of 1st period - Stopped by Ben Bishop without a rebound.
14:58 of 1st period - Bo Horvat wins face-off versus Joel Eriksson Ek in Jets zone.
15:32 of 1st period - Shot by Oliver Ekman-Larsson.
15:32 of 1st period - Shot Blocked by Nikita Zaitsev.
16:02 of 1st period - Shot by Oscar Klefbom.
16:02 of 1st period - Deflect By Steven Stamkos.
16:02 of 1st period - Shot Hit the Post.
16:42 of 1st period - Shot by Mathew Barzal.
16:42 of 1st period - Shot Misses the Net.
17:06 of 1st period - Off-side.
17:07 of 1st period - Brock Nelson wins face-off versus Alexander Kerfoot in neutral zone.
17:18 of 1st period - Shot by Bryan Rust.
17:18 of 1st period - Stopped by Devan Dubnyk without a rebound.
17:19 of 1st period - Bo Horvat wins face-off versus Brock Nelson in Predators zone.
17:28 of 1st period - Shot by J.T. Compher.
17:28 of 1st period - Shot Misses the Net.
17:30 of 1st period - Shot by Roman Josi.
17:30 of 1st period - Stopped by Ben Bishop without a rebound.
17:31 of 1st period - Evgeny Kuznetsov wins face-off versus Mathew Barzal in Jets zone.
17:36 of 1st period - Shot by Evgeny Kuznetsov.
17:36 of 1st period - Stopped by Ben Bishop with a rebound.
17:38 of 1st period - Shot by Evgeny Kuznetsov.
17:38 of 1st period - Stopped by Ben Bishop without a rebound.
17:39 of 1st period - J.T. Miller wins face-off versus Brock Nelson in Jets zone.
19:10 of 1st period - Shot by Bo Horvat.
19:10 of 1st period - Shot Misses the Net.
19:12 of 1st period - Shot by J.T. Compher.
19:12 of 1st period - Stopped by Ben Bishop with a rebound.
19:16 of 1st period - Shot by Bo Horvat.
19:16 of 1st period - Shot Misses the Net.
19:18 of 1st period - Shot by Kyle Connor.
19:18 of 1st period - Shot Misses the Net.
19:27 of 1st period - Nikita Zaitsev is hit by Thomas Chabot and loses puck.
19:31 of 1st period - Icing by Oscar Klefbom.
19:32 of 1st period - Joel Eriksson Ek wins face-off versus Bo Horvat in Predators zone.
19:52 of 1st period - Bo Horvat is hit by Scott Laughton and loses puck.
Goals for this period are 0 for Jets vs 2 for Predators.
Shots for this period are 14 for Jets vs 15 for Predators.

2nd period


0:01 of 2nd period - Brock Nelson wins face-off versus J.T. Miller in neutral zone.
0:03 of 2nd period - Keith Yandle is hit by Steven Stamkos and loses puck.
0:19 of 2nd period - Max Pacioretty is hit by Bryan Rust and loses puck.
0:30 of 2nd period - Shot by Steven Stamkos.
0:30 of 2nd period - Deflect By J.T. Miller.
0:30 of 2nd period - Shot Blocked by Jaccob Slavin.
0:32 of 2nd period - Shot by Max Pacioretty.
0:32 of 2nd period - Shot Misses the Net.
0:34 of 2nd period - Shot by Max Pacioretty.
0:34 of 2nd period - Shot Misses the Net.
1:08 of 2nd period - Shot by Bo Horvat.
1:08 of 2nd period - Shot Misses the Net.
1:10 of 2nd period - Shot by Bo Horvat.
1:10 of 2nd period - Shot Misses the Net.
2:14 of 2nd period - Shot by Thomas Chabot.
2:14 of 2nd period - Stopped by Ben Bishop without a rebound.
2:15 of 2nd period - Joel Eriksson Ek wins face-off versus J.T. Miller in Jets zone.
2:40 of 2nd period - Shot by Patrik Nemeth.
2:40 of 2nd period - Stopped by Devan Dubnyk with a rebound.
2:50 of 2nd period - Jay Bouwmeester is hit by Max Pacioretty and loses puck.
3:09 of 2nd period - Bo Horvat is hit by Scott Laughton and loses puck.
3:38 of 2nd period - Shot by Zach Parise.
3:38 of 2nd period - Stopped by Devan Dubnyk without a rebound.
3:39 of 2nd period - Mikko Koivu wins face-off versus Evgeny Kuznetsov in Predators zone.
4:33 of 2nd period - Icing by Thomas Chabot.
4:34 of 2nd period - Brock Nelson wins face-off versus Evgeny Kuznetsov in Predators zone.
4:37 of 2nd period - Shot by Brock Nelson.
4:37 of 2nd period - Shot Misses the Net.
5:09 of 2nd period - Shot by Steven Stamkos.
5:09 of 2nd period - Stopped by Ben Bishop without a rebound.
5:10 of 2nd period - Mathew Barzal wins face-off versus Bo Horvat in Jets zone.
5:28 of 2nd period - Shot by Bo Horvat.
5:28 of 2nd period - Shot Blocked by Evgenii Dadonov.
5:30 of 2nd period - Shot by Bo Horvat.
5:30 of 2nd period - Shot Misses the Net.
5:32 of 2nd period - Shot by Kyle Connor.
5:32 of 2nd period - Goal by Kyle Connor - Jets : 0 - Predators : 3.
5:33 of 2nd period - J.T. Miller wins face-off versus Joel Eriksson Ek in neutral zone.
5:40 of 2nd period - Shot by Roman Josi.
5:40 of 2nd period - Stopped by Ben Bishop without a rebound.
5:41 of 2nd period - J.T. Miller wins face-off versus Brock Nelson in Jets zone.
5:59 of 2nd period - Shot by Steven Stamkos.
5:59 of 2nd period - Shot Misses the Net.
6:01 of 2nd period - Shot by Max Pacioretty.
6:01 of 2nd period - Shot Misses the Net.
6:20 of 2nd period - Icing by Keith Yandle.
6:21 of 2nd period - Bo Horvat wins face-off versus Brock Nelson in Jets zone.
6:43 of 2nd period - Shot by Evgenii Dadonov.
6:43 of 2nd period - Stopped by Devan Dubnyk with a rebound.
6:45 of 2nd period - Shot by Evgenii Dadonov.
6:45 of 2nd period - Shot Blocked by Nikita Zadorov.
6:47 of 2nd period - Shot by Evgenii Dadonov.
6:47 of 2nd period - Goal by Evgenii Dadonov - Jets : 1 - Predators : 3.
6:48 of 2nd period - Evgeny Kuznetsov wins face-off versus Joel Eriksson Ek in neutral zone.
7:16 of 2nd period - Icing by Oscar Klefbom.
7:17 of 2nd period - Evgeny Kuznetsov wins face-off versus Mathew Barzal in Predators zone.
7:28 of 2nd period - Shot by Oscar Klefbom.
7:28 of 2nd period - Shot Misses the Net.
7:44 of 2nd period - Shot by Evgenii Dadonov.
7:44 of 2nd period - Stopped by Devan Dubnyk without a rebound.
7:45 of 2nd period - Brock Nelson wins face-off versus J.T. Miller in Predators zone.
7:49 of 2nd period - Minor Penalty to Bryan Rust for Interference.
7:50 of 2nd period - Joel Eriksson Ek wins face-off versus J.T. Miller in Jets zone.
7:50 of 2nd period - Joel Eriksson Ek is hit by Max Pacioretty.
8:08 of 2nd period - Shot by Roman Josi.
8:08 of 2nd period - Stopped by Ben Bishop with a rebound.
8:10 of 2nd period - Shot by Roman Josi.
8:10 of 2nd period - Stopped by Ben Bishop without a rebound.
8:11 of 2nd period - Joel Eriksson Ek wins face-off versus Kyle Connor in Jets zone.
9:13 of 2nd period - Shot by Roman Josi.
9:13 of 2nd period - Shot Misses the Net.
10:02 of 2nd period - Shot by Evgeny Kuznetsov.
10:02 of 2nd period - Stopped by Ben Bishop without a rebound.
10:03 of 2nd period - Evgenii Dadonov wins face-off versus Evgeny Kuznetsov in Jets zone.
10:19 of 2nd period - Shot by Evgenii Dadonov.
10:19 of 2nd period - Stopped by Devan Dubnyk with a rebound.
10:21 of 2nd period - Shot by Patrik Nemeth.
10:21 of 2nd period - Shot Misses the Net.
10:23 of 2nd period - Shot by Jay Bouwmeester.
10:23 of 2nd period - Shot Misses the Net.
10:25 of 2nd period - Shot by Jay Bouwmeester.
10:25 of 2nd period - Shot Blocked by Darnell Nurse.
10:30 of 2nd period - Mathew Barzal is hit by Nikita Zadorov and loses puck.
10:35 of 2nd period - Shot by Evgenii Dadonov.
10:35 of 2nd period - Shot Blocked by Darnell Nurse.
10:37 of 2nd period - Shot by Mathew Barzal.
10:37 of 2nd period - Shot Misses the Net.
11:10 of 2nd period - Shot by Zach Parise.
11:10 of 2nd period - Deflect By Bryan Rust.
11:10 of 2nd period - Stopped by Devan Dubnyk without a rebound.
11:11 of 2nd period - J.T. Miller wins face-off versus Joel Eriksson Ek in Predators zone.
11:38 of 2nd period - Shot by Joel Eriksson Ek.
11:38 of 2nd period - Shot Blocked by Roman Josi.
11:40 of 2nd period - Shot by Jaccob Slavin.
11:40 of 2nd period - Shot Misses the Net.
12:43 of 2nd period - Oscar Klefbom is hit by Nikita Zaitsev and loses puck.
12:59 of 2nd period - Bryan Rust is hit by Bo Horvat.
15:39 of 2nd period - Shot by Kasperi Kapanen.
15:39 of 2nd period - Stopped by Devan Dubnyk without a rebound.
15:40 of 2nd period - Evgeny Kuznetsov wins face-off versus Brock Nelson in Predators zone.
16:10 of 2nd period - Off-side.
16:11 of 2nd period - J.T. Miller wins face-off versus Mikko Koivu in neutral zone.
16:59 of 2nd period - Shot by Mats Zuccarello.
16:59 of 2nd period - Stopped by Devan Dubnyk with a rebound.
17:01 of 2nd period - Shot by Mathew Barzal.
17:01 of 2nd period - Shot Blocked by Oliver Ekman-Larsson.
17:03 of 2nd period - Shot by Mats Zuccarello.
17:03 of 2nd period - Shot Blocked by Roman Josi.
17:05 of 2nd period - Shot by Evgenii Dadonov.
17:05 of 2nd period - Shot Misses the Net.
17:07 of 2nd period - Shot by Hampus Lindholm.
17:07 of 2nd period - Stopped by Devan Dubnyk with a rebound.
17:09 of 2nd period - Shot by Hampus Lindholm.
17:09 of 2nd period - Stopped by Devan Dubnyk without a rebound.
17:10 of 2nd period - Bo Horvat wins face-off versus Brock Nelson in Predators zone.
17:41 of 2nd period - Shot by Kyle Connor.
17:41 of 2nd period - Shot Misses the Net.
17:43 of 2nd period - Shot by Oscar Klefbom.
17:43 of 2nd period - Shot Blocked by Jaccob Slavin.
18:34 of 2nd period - Nikita Zadorov is hit by Bryan Rust and loses puck.
19:02 of 2nd period - Shot by J.T. Miller.
19:02 of 2nd period - Shot Misses the Net.
19:04 of 2nd period - Shot by Brendan Smith.
19:04 of 2nd period - Stopped by Ben Bishop with a rebound.
Goals for this period are 1 for Jets vs 1 for Predators.
Shots for this period are 11 for Jets vs 8 for Predators.

3rd period


0:01 of 3rd period - J.T. Miller wins face-off versus Brock Nelson in neutral zone.
0:03 of 3rd period - Roman Josi is hit by Nikita Zaitsev and loses puck.
0:28 of 3rd period - Shot by Brock Nelson.
0:28 of 3rd period - Stopped by Devan Dubnyk with a rebound.
0:30 of 3rd period - Shot by Bryan Rust.
0:30 of 3rd period - Shot Misses the Net.
0:32 of 3rd period - Shot by Hampus Lindholm.
0:32 of 3rd period - Deflect By Brock Nelson.
0:32 of 3rd period - Shot Blocked by Oliver Ekman-Larsson.
0:35 of 3rd period - Bryan Rust is hit by Oliver Ekman-Larsson and loses puck.
0:38 of 3rd period - Shot by Brock Nelson.
0:38 of 3rd period - Stopped by Devan Dubnyk without a rebound.
0:39 of 3rd period - Bo Horvat wins face-off versus Mathew Barzal in Predators zone.
1:00 of 3rd period - Shot by Mathew Barzal.
1:00 of 3rd period - Stopped by Devan Dubnyk without a rebound.
1:01 of 3rd period - Evgeny Kuznetsov wins face-off versus Joel Eriksson Ek in Predators zone.
1:01 of 3rd period - Darnell Nurse is hit by Scott Laughton and loses puck.
1:08 of 3rd period - Shot by Evgeny Kuznetsov.
1:08 of 3rd period - Shot Misses the Net.
1:35 of 3rd period - Evgeny Kuznetsov is hit by Patrik Nemeth and loses puck.
1:44 of 3rd period - Colton Sissons is hit by Joel Eriksson Ek.
2:10 of 3rd period - Shot by J.T. Miller.
2:10 of 3rd period - Shot Blocked by Keith Yandle.
2:20 of 3rd period - Shot by Bryan Rust.
2:20 of 3rd period - Shot Blocked by Oliver Ekman-Larsson.
2:24 of 3rd period - Shot by Bryan Rust.
2:24 of 3rd period - Stopped by Devan Dubnyk without a rebound.
2:25 of 3rd period - Bo Horvat wins face-off versus Mathew Barzal in Predators zone.
2:35 of 3rd period - Icing by Nikita Zaitsev.
2:36 of 3rd period - Bo Horvat wins face-off versus Mathew Barzal in Jets zone.
2:53 of 3rd period - Shot by Kyle Connor.
2:53 of 3rd period - Stopped by Ben Bishop without a rebound.
2:54 of 3rd period - J.T. Miller wins face-off versus Brock Nelson in Jets zone.
2:55 of 3rd period - Shot by Oliver Ekman-Larsson.
2:55 of 3rd period - Deflect By J.T. Miller.
2:55 of 3rd period - Stopped by Ben Bishop without a rebound.
2:56 of 3rd period - J.T. Miller wins face-off versus Brock Nelson in Jets zone.
3:07 of 3rd period - Shot by J.T. Miller.
3:07 of 3rd period - Shot Blocked by Jaccob Slavin.
3:09 of 3rd period - Shot by Oliver Ekman-Larsson.
3:09 of 3rd period - Shot Misses the Net.
3:15 of 3rd period - Shot by Steven Stamkos.
3:15 of 3rd period - Goal by Steven Stamkos - Jets : 1 - Predators : 4.
3:16 of 3rd period - Kyle Connor wins face-off versus Mathew Barzal in neutral zone.
3:34 of 3rd period - Shot by Bo Horvat.
3:34 of 3rd period - Stopped by Ben Bishop with a rebound.
4:44 of 3rd period - Shot by Bryan Rust.
4:44 of 3rd period - Stopped by Devan Dubnyk with a rebound.
4:48 of 3rd period - Shot by Brock Nelson.
4:48 of 3rd period - Shot Misses the Net.
5:33 of 3rd period - Shot by Colton Sissons.
5:33 of 3rd period - Shot Blocked by Jay Bouwmeester.
5:38 of 3rd period - Evgeny Kuznetsov is hit by Patrik Nemeth and loses puck.
6:14 of 3rd period - J.T. Miller is hit by Jay Bouwmeester.
6:29 of 3rd period - Icing by Patrik Nemeth.
6:30 of 3rd period - Bo Horvat wins face-off versus Joel Eriksson Ek in Jets zone.
6:37 of 3rd period - Shot by Kyle Connor.
6:37 of 3rd period - Stopped by Ben Bishop without a rebound.
6:38 of 3rd period - Brock Nelson wins face-off versus Bo Horvat in Jets zone.
6:38 of 3rd period - Brock Nelson is hit by Bo Horvat.
7:30 of 3rd period - Darnell Nurse is hit by Zach Parise.
8:00 of 3rd period - Shot by Evgeny Kuznetsov.
8:00 of 3rd period - Stopped by Ben Bishop without a rebound.
8:01 of 3rd period - Mikko Koivu wins face-off versus J.T. Miller in Jets zone.
9:32 of 3rd period - Icing by Nikita Zaitsev.
9:33 of 3rd period - Mikko Koivu wins face-off versus Evgeny Kuznetsov in Jets zone.
9:33 of 3rd period - Mikko Koivu is hit by Darren Helm.
9:38 of 3rd period - Hampus Lindholm is hit by Darnell Nurse and loses puck.
9:39 of 3rd period - Minor Penalty to Nikita Zadorov for High sticking.
9:40 of 3rd period - Brock Nelson wins face-off versus J.T. Miller in Predators zone.
9:43 of 3rd period - Shot by Bryan Rust.
9:43 of 3rd period - Shot Misses the Net.
9:45 of 3rd period - Shot by Jaccob Slavin.
9:45 of 3rd period - Shot Hit the Post.
9:47 of 3rd period - Shot by Jaccob Slavin.
9:47 of 3rd period - Shot Blocked by Oliver Ekman-Larsson.
9:49 of 3rd period - Shot by Jaccob Slavin.
9:49 of 3rd period - Stopped by Devan Dubnyk without a rebound.
9:50 of 3rd period - J.T. Miller wins face-off versus Brock Nelson in Predators zone.
10:14 of 3rd period - Shot by Bryan Rust.
10:14 of 3rd period - Stopped by Devan Dubnyk with a rebound.
10:16 of 3rd period - Shot by Brock Nelson.
10:16 of 3rd period - Shot Blocked by Steven Stamkos.
10:18 of 3rd period - Shot by Brock Nelson.
10:18 of 3rd period - Deflect By Zach Parise.
10:18 of 3rd period - Stopped by Devan Dubnyk without a rebound.
10:19 of 3rd period - J.T. Miller wins face-off versus Mathew Barzal in Predators zone.
10:19 of 3rd period - J.T. Miller is hit by Evgenii Dadonov.
10:46 of 3rd period - Shot by Mathew Barzal.
10:46 of 3rd period - Shot Misses the Net.
10:48 of 3rd period - Shot by Keith Yandle.
10:48 of 3rd period - Shot Blocked by Thomas Chabot.
10:50 of 3rd period - Shot by Mats Zuccarello.
10:50 of 3rd period - Stopped by Devan Dubnyk with a rebound.
11:14 of 3rd period - Off-side.
11:15 of 3rd period - Brock Nelson wins face-off versus J.T. Miller in neutral zone.
11:22 of 3rd period - Shot by Brock Nelson.
11:22 of 3rd period - Stopped by Devan Dubnyk with a rebound.
11:24 of 3rd period - Shot by Bryan Rust.
11:24 of 3rd period - Stopped by Devan Dubnyk with a rebound.
11:26 of 3rd period - Shot by Zach Parise.
11:26 of 3rd period - Stopped by Devan Dubnyk without a rebound.
11:27 of 3rd period - Mathew Barzal wins face-off versus J.T. Miller in Predators zone.
11:58 of 3rd period - Shot by Nick Schmaltz.
11:58 of 3rd period - Stopped by Devan Dubnyk without a rebound.
11:59 of 3rd period - Brock Nelson wins face-off versus Evgeny Kuznetsov in Predators zone.
12:06 of 3rd period - Shot by Bryan Rust.
12:06 of 3rd period - Goal by Bryan Rust - Jets : 2 - Predators : 4.
12:07 of 3rd period - Bo Horvat wins face-off versus Brock Nelson in neutral zone.
12:07 of 3rd period - Bo Horvat is hit by Bryan Rust.
12:13 of 3rd period - Brock Nelson is hit by Bo Horvat and loses puck.
12:20 of 3rd period - Shot by Bo Horvat.
12:20 of 3rd period - Deflect By J.T. Compher.
12:20 of 3rd period - Shot Blocked by Nikita Zaitsev.
12:25 of 3rd period - J.T. Compher is hit by Hampus Lindholm and loses puck.
12:40 of 3rd period - Shot by J.T. Compher.
12:40 of 3rd period - Shot Misses the Net.
12:44 of 3rd period - Shot by Kyle Connor.
12:44 of 3rd period - Stopped by Ben Bishop without a rebound.
12:45 of 3rd period - J.T. Miller wins face-off versus Mathew Barzal in Jets zone.
13:04 of 3rd period - Shot by Jaccob Slavin.
13:04 of 3rd period - Shot Misses the Net.
13:06 of 3rd period - Shot by Mats Zuccarello.
13:06 of 3rd period - Shot Misses the Net.
13:07 of 3rd period - Minor Penalty to Thomas Chabot for Hooking.
13:08 of 3rd period - Brock Nelson wins face-off versus J.T. Miller in Predators zone.
13:41 of 3rd period - Bryan Rust is hit by Roman Josi and loses puck.
14:58 of 3rd period - Mathew Barzal is hit by Roman Josi and loses puck.
15:11 of 3rd period - Shot by J.T. Compher.
15:11 of 3rd period - Shot Misses the Net.
15:17 of 3rd period - Bo Horvat is hit by Scott Laughton and loses puck.
15:56 of 3rd period - Shot by Mikko Koivu.
15:56 of 3rd period - Stopped by Devan Dubnyk without a rebound.
15:57 of 3rd period - Alexander Kerfoot wins face-off versus Mathew Barzal in Predators zone.
16:04 of 3rd period - Shot by J.T. Miller.
16:04 of 3rd period - Shot Misses the Net.
16:09 of 3rd period - Icing by Patrik Nemeth.
16:10 of 3rd period - Mathew Barzal wins face-off versus J.T. Miller in Jets zone.
16:31 of 3rd period - Shot by Steven Stamkos.
16:31 of 3rd period - Stopped by Ben Bishop without a rebound.
16:32 of 3rd period - Evgeny Kuznetsov wins face-off versus Joel Eriksson Ek in Jets zone.
16:42 of 3rd period - Oliver Ekman-Larsson is hit by Scott Laughton and loses puck.
17:41 of 3rd period - Shot by Keith Yandle.
17:41 of 3rd period - Stopped by Devan Dubnyk with a rebound.
17:53 of 3rd period - Shot by Max Pacioretty.
17:53 of 3rd period - Stopped by Ben Bishop without a rebound.
17:54 of 3rd period - Brock Nelson wins face-off versus Kyle Connor in Jets zone.
18:13 of 3rd period - Shot by Bo Horvat.
18:13 of 3rd period - Deflect By Kyle Connor.
18:13 of 3rd period - Shot Misses the Net.
18:29 of 3rd period - Shot by Kyle Connor.
18:29 of 3rd period - Stopped by Ben Bishop without a rebound.
18:30 of 3rd period - J.T. Miller wins face-off versus Mathew Barzal in Jets zone.
18:53 of 3rd period - Off-side.
18:54 of 3rd period - Joel Eriksson Ek wins face-off versus Evgeny Kuznetsov in neutral zone.
19:31 of 3rd period - Shot by Joel Eriksson Ek.
19:31 of 3rd period - Shot Misses the Net.
19:33 of 3rd period - Shot by Keith Yandle.
19:33 of 3rd period - Shot Blocked by Oscar Klefbom.
19:34 of 3rd period - Minor Penalty to Thomas Chabot for Slashing.
19:35 of 3rd period - J.T. Miller wins face-off versus Brock Nelson in Predators zone.
Goals for this period are 1 for Jets vs 1 for Predators.
Shots for this period are 16 for Jets vs 10 for Predators.